Map: Babylon LE

Players

Entropy - Winner!

  • Race: Terran Terran
  • League: Grandmaster
  • Spawn Location: 11:00

IIIIIIIIIIII

  • Race: Protoss Protoss
  • Spawn Location: 5:00

VOD

Have the link to the VOD?

Description

Time

  • Played on: March 28, 2023, 11:36 p.m.
  • Length: 8:30
Show
View Real Time Build Order
Export as new Build Order

Entropy Terran - Winner!

Build Orders: Reaper Expand 

Get SALT Encoding   

  12  0:00  SCV  
  13  0:12  SCV  
  14  0:16  Supply Depot  
  14  0:24  SCV  
  15  0:38  SCV  
  15  0:40  Barracks  
  16  0:44  Refinery  
  16  0:50  SCV  
  17  1:02  SCV  
  18  1:14  SCV  
  19  1:27  Orbital Command, Reaper  
  20  1:47  Command Center  
  20  1:53  SCV  
  21  1:54  Supply Depot  
  21  1:59  Marine  
  22  2:05  SCV  
  23  2:11  Factory  
  23  2:17  SCV, Marine  
  25  2:26  Bunker  
  25  2:31  SCV  
  25  2:36  Barracks Reactor  
  26  2:39  Refinery  
  26  2:43  SCV  
  27  2:55  SCV  
  27  2:57  Factory Tech Lab  
  28  3:01  Barracks  
  28  3:06  Orbital Command  
  28  3:07  SCV  
  28  3:15  Marine  
  28  3:16  Cyclone, Marine  
  28  3:19  SCV  
  34  3:23  Supply Depot  
  34  3:31  SCV  
  35  3:34  Marine x2  
  35  3:40  SCV  
  38  3:43  SCV  
  39  3:52  SCV  
  39  3:53  Barracks  
  39  3:55  SCV  
  39  3:59  Engineering Bay  
  39  4:00  Refinery  
  39  4:02  Stimpack  
  40  4:04  Marine x2  
  40  4:05  SCV  
  40  4:08  SCV, Marine  
  45  4:17  SCV  
  45  4:18  Supply Depot  
  45  4:20  SCV  
  45  4:23  Starport, Factory Reactor  
  47  4:27  Terran Infantry Weapons Level 1  
  47  4:30  Marine x2  
  49  4:31  Marine  
  49  4:34  SCV  
  49  4:35  SCV  
  52  4:39  Supply Depot  
  52  4:46  Barracks Tech Lab  
  52  4:48  Marine x2  
  52  4:49  Marine  
  52  4:50  SCV x2  
  57  4:52  Supply Depot  
  57  5:04  SCV x2  
  57  5:06  Medivac, Marine x2  
  63  5:07  Medivac, Marine  
  63  5:10  Combat Shield  
  66  5:15  Marauder  
  66  5:17  SCV x2  
  70  5:23  Supply Depot  
  70  5:24  Marine  
  70  5:25  Marine, Marauder  
  70  5:28  Widow Mine  
  76  5:30  SCV  
  76  5:31  SCV  
  76  5:35  Supply Depot  
  78  5:42  SCV  
  77  5:43  SCV  
  77  5:47  Marine  
  77  5:48  Marauder x2, Marine  
  83  5:56  Widow Mine  
  83  5:57  Medivac x2  
  89  5:58  SCV  
  89  5:59  SCV  
  91  6:07  Marine x2  
  91  6:11  SCV  
  94  6:20  SCV, Marauder x2  
  94  6:21  Terran Infantry Armor Level 1  
  94  6:25  SCV, Marine x2  
  102  6:38  SCV  
  101  6:46  Marauder  
  102  6:51  Marine  
  102  6:54  Marauder  
  102  7:04  Marine  
  102  7:07  Marauder  
  101  7:13  Marine  
  101  7:14  Widow Mine, Medivac x2  
  98  7:16  Marauder  
  98  7:22  Marine  
  96  7:29  Marauder  
  95  7:31  Marine  
  95  7:36  Barracks x2, Command Center  
  95  7:37  Marauder  
  95  7:40  Marine  
  91  7:46  SCV x2  
  91  7:49  Marine  
  91  7:50  Marauder  
  96  7:56  Factory Reactor  
  96  7:58  Marauder, SCV, Marine  
  89  8:07  Marine  
  89  8:12  SCV x2  
Show
View Real Time Build Order
Export as new Build Order

IIIIIIIIIIII Protoss 

Build Orders: 1 Gate Expand, Blink Stalkers, Colossus Rush 

Get SALT Encoding   

  12  0:01  Probe  
  13  0:14  Probe  
  14  0:20  Pylon  
  14  0:26  Probe  
  15  0:38  Probe (Chrono Boost)  
  15  0:40  Gateway  
  16  0:47  Probe (Chrono Boost), Assimilator  
  17  0:54  Probe  
  18  1:06  Probe  
  19  1:18  Probe  
  20  1:27  Cybernetics Core  
  20  1:34  Nexus  
  20  1:44  Probe  
  20  1:45  Pylon  
  21  1:49  Assimilator  
  21  2:01  Probe (Chrono Boost)  
  22  2:03  Adept (Chrono Boost)  
  22  2:05  Warp Gate  
  24  2:13  Probe (Chrono Boost)  
  25  2:18  Probe (Chrono Boost)  
  26  2:26  Stalker  
  28  2:30  Probe  
  28  2:40  Twilight Council  
  29  2:46  Probe (Chrono Boost)  
  29  2:47  Probe (Chrono Boost)  
  31  2:59  Probe (Chrono Boost)  
  31  3:03  Probe  
  31  3:05  Gateway  
  32  3:08  Probe  
  32  3:11  Blink (Chrono Boost)  
  33  3:15  Probe  
  34  3:20  Probe  
  34  3:22  Robotics Facility  
  35  3:28  Probe  
  35  3:32  Probe  
  37  3:40  Probe  
  38  3:48  Pylon  
  37  3:51  Probe  
  38  3:55  Stalker  
  38  3:56  Probe  
  41  4:04  Stalker, Probe  
  41  4:08  Nexus, Probe  
  45  4:13  Pylon  
  45  4:16  Probe, Observer (Chrono Boost)  
  47  4:19  Stalker  
  47  4:20  Probe  
  47  4:23  Assimilator  
  50  4:27  Assimilator  
  50  4:28  Probe  
  50  4:30  Observer (Chrono Boost)  
  51  4:33  Probe  
  51  4:38  Stalker  
  55  4:40  Probe  
  55  4:45  Probe  
  57  4:52  Probe  
  58  4:54  Stalker  
  58  4:57  Probe  
  58  4:58  Pylon  
  61  5:03  Robotics Bay  
  61  5:04  Probe  
  62  5:10  Pylon  
  62  5:16  Immortal (Chrono Boost), Probe x2  
  62  5:19  Forge  
  62  5:21  Probe  
  69  5:28  Probe  
  69  5:29  Probe  
  69  5:30  Stalker x2  
  73  5:50  Gateway  
  73  5:51  Gateway  
  73  5:52  Colossus (Chrono Boost)  
  73  5:54  Gateway  
  77  5:58  Probe x2  
  77  5:59  Probe  
  80  6:12  Probe  
  80  6:13  Gateway  
  80  6:15  Gateway, Probe, Shield Battery  
  82  6:19  Sentry x2  
  82  6:20  Probe  
  82  6:23  Gateway  
  82  6:24  Probe  
  88  6:31  Probe  
  89  6:34  Probe  
  77  6:49  Stalker x2  
  77  6:52  Stalker  
  77  6:56  Stalker  
  77  6:57  Probe x2  
  77  6:59  Probe  
  59  7:21  Stalker x2  
  62  7:25  Pylon  
  62  7:27  Pylon  
  62  7:33  Pylon  
  60  7:43  Probe x2  
  60  7:47  Gateway  
  60  7:49  Gateway  
  60  7:51  Stalker x2  
  64  7:55  Probe  
  65  8:00  Probe  
  66  8:07  Probe  
  66  8:09  Pylon  
  66  8:12  Pylon  
  66  8:15  Pylon  
Tags
 
Add a new tag
Caveats
  • Supply blocks, unpowered buildings, or Contaminate may cause inaccurate times.
  • Supply counts are checked every 10 seconds.